TOP OF THE 1ST |
Milwaukee Brewers batting - Pitching for San Francisco Giants : RHP Ted Mosley
|
Pitching: RHP Ted Mosley
|
|
Batting: RHB Kisho Ito
|
0-0: Ball 1-0: Called Strike 1-1: Foul Ball, location: 2F 1-2: Ball 2-2: Ball 3-2: Ground out U3 (Groundball, 3L, EV 98.8 MPH)
|
Batting: RHB Akitada Nishizawa
|
0-0: Called Strike 0-1: Ball 1-1: Swinging Strike 1-2: Ball 2-2: Ball 3-2: SINGLE (Flyball, 9LS, EV 88.1 MPH)
|
Batting: SHB Jason Woods
|
0-0: Ball Akitada Nishizawa is caught stealing 2nd base 2-6 1-0: Ball 2-0: Called Strike 2-1: Ball 3-1: Called Strike 3-2: SOLO HOME RUN (Flyball, 7D, EV 100.0 MPH), Distance : 412 ft
|
Batting: LHB Cooper Broomhall
|
0-0: Swinging Strike 0-1: Ball 1-1: Foul Ball, location: 2F 1-2: Strikes out swinging
|
Top of the 1st over - 1 run, 2 hits, 0 errors, 0 left on base; Milwaukee 1 - San Francisco 0 |
BOTTOM OF THE 1ST |
San Francisco Giants batting - Pitching for Milwaukee Brewers : RHP Matt Evans
|
Pitching: RHP Matt Evans
|
|
Batting: RHB Nick Rigden
|
0-0: Swinging Strike 0-1: Ball 1-1: Swinging Strike 1-2: Foul Ball, location: 2F 1-2: Strikes out swinging
|
Batting: SHB Ryan Doss
|
0-0: Ground out 4-3 (Groundball, 4, EV 106.2 MPH)
|
Batting: LHB Jack Henningar
|
0-0: Ball 1-0: Ground out U3 (Groundball, 3, EV 81.2 MPH)
|
Bottom of the 1st over - 0 runs, 0 hits, 0 errors, 0 left on base; Milwaukee 1 - San Francisco 0 |
TOP OF THE 2ND |
Milwaukee Brewers batting - Pitching for San Francisco Giants : RHP Ted Mosley
|
Batting: LHB Jeremy Kuiper
|
0-0: Foul Ball, location: 2F 0-1: Fly out, F8 (Flyball, 89XD, EV 103.8 MPH)
|
Batting: RHB Cody Flowers
|
0-0: Ball 1-0: Ball 2-0: Ball 3-0: Fly out, F8 (Flyball, 78XD, EV 80.6 MPH)
|
Batting: SHB Jean-François Bernard
|
0-0: SINGLE (Groundball, 34S, EV 85.6 MPH) (infield hit)
|
Batting: RHB Yuichi Matsuoka
|
0-0: Ground out 4-3 (Groundball, 4, EV 80.6 MPH)
|
Top of the 2nd over - 0 runs, 1 hit, 0 errors, 1 left on base; Milwaukee 1 - San Francisco 0 |
BOTTOM OF THE 2ND |
San Francisco Giants batting - Pitching for Milwaukee Brewers : RHP Matt Evans
|
Batting: LHB Willis Robles
|
0-0: Ball 1-0: SINGLE (Line Drive, 34D, EV 97.5 MPH)
|
Batting: RHB Sean Zielinski
|
0-0: Ball 1-0: Ball 2-0: Fly out, F5 (Line Drive, 5, EV 65.0 MPH)
|
Batting: RHB Jim Zucco
|
0-0: Foul Ball, location: 2F 0-1: Ball Willis Robles is caught stealing 2nd base 2-4 1-1: Fly out, F7 (Line Drive, 7, EV 88.1 MPH)
|
Bottom of the 2nd over - 0 runs, 1 hit, 0 errors, 0 left on base; Milwaukee 1 - San Francisco 0 |
TOP OF THE 3RD |
Milwaukee Brewers batting - Pitching for San Francisco Giants : RHP Ted Mosley
|
Batting: LHB Antonio Diaz
|
0-0: Called Strike 0-1: Ball 1-1: Ball 2-1: Foul Ball, location: 2F 2-2: Ball 3-2: Strikes out swinging
|
Batting: RHB Kisho Ito
|
0-0: Foul Ball, location: 2F 0-1: Ball 1-1: Ball 2-1: DOUBLE (Line Drive, 89D, EV 105.6 MPH)
|
Batting: RHB Akitada Nishizawa
|
0-0: Called Strike 0-1: Swinging Strike 0-2: Strikes out swinging
|
Batting: SHB Jason Woods
|
0-0: Ball 1-0: Called Strike 1-1: Swinging Strike 1-2: Ball 2-2: Strikes out looking
|
Top of the 3rd over - 0 runs, 1 hit, 0 errors, 1 left on base; Milwaukee 1 - San Francisco 0 |
BOTTOM OF THE 3RD |
San Francisco Giants batting - Pitching for Milwaukee Brewers : RHP Matt Evans
|
Batting: RHB Quintin Parker
|
0-0: Foul Ball, location: 2F 0-1: Ball 1-1: Ball 2-1: Ball 3-1: Fly out, F7 (Flyball, 7LS, EV 95.6 MPH)
|
Batting: RHB Xavier Castellanos
|
0-0: Called Strike 0-1: Swinging Strike 0-2: Ball 1-2: Fly out, F7 (Flyball, 7LD, EV 91.9 MPH)
|
Batting: SHB Bill Dooms
|
0-0: Foul Ball, location: 2F 0-1: Ball 1-1: Foul Ball, location: 2F 1-2: Ground out 3-1 (Groundball, 34, EV 114.4 MPH)
|
Bottom of the 3rd over - 0 runs, 0 hits, 0 errors, 0 left on base; Milwaukee 1 - San Francisco 0 |
TOP OF THE 4TH |
Milwaukee Brewers batting - Pitching for San Francisco Giants : RHP Ted Mosley
|
Batting: LHB Cooper Broomhall
|
0-0: Called Strike 0-1: Ground out 6-3 (Groundball, 6, EV 86.2 MPH)
|
Batting: LHB Jeremy Kuiper
|
0-0: Swinging Strike 0-1: Hit by Pitch
|
Batting: RHB Cody Flowers
|
0-0: Fielders Choice at 2nd, 3-6 (Groundball, 34S, EV 81.2 MPH)
|
Batting: SHB Jean-François Bernard
|
0-0: Ball 1-0: Ball 2-0: Called Strike 2-1: Called Strike 2-2: Strikes out swinging passed ball, reaches first! Cody Flowers to second
|
Batting: RHB Yuichi Matsuoka
|
0-0: Called Strike 0-1: Called Strike 0-2: Strikes out swinging
|
Top of the 4th over - 0 runs, 0 hits, 0 errors, 2 left on base; Milwaukee 1 - San Francisco 0 |
BOTTOM OF THE 4TH |
San Francisco Giants batting - Pitching for Milwaukee Brewers : RHP Matt Evans
|
Batting: RHB Nick Rigden
|
0-0: Foul Ball, location: 2F 0-1: Ball 1-1: Ball 2-1: Ground out 5-3 (Groundball, 5L, EV 85.0 MPH)
|
Batting: SHB Ryan Doss
|
0-0: Ball 1-0: Ball 2-0: Called Strike 2-1: Ball 3-1: Base on Balls
|
Batting: LHB Jack Henningar
|
0-0: Grounds into double play, 4-6-3 (Groundball, 4, EV 105.6 MPH)
|
Bottom of the 4th over - 0 runs, 0 hits, 0 errors, 0 left on base; Milwaukee 1 - San Francisco 0 |
TOP OF THE 5TH |
Milwaukee Brewers batting - Pitching for San Francisco Giants : RHP Ted Mosley
|
Pitching: RHP Tim Rymut
|
|
Batting: LHB Antonio Diaz
|
0-0: Called Strike 0-1: Ball 1-1: Ball 2-1: Ball 3-1: Ground out 4-3 (Groundball, 4, EV 81.2 MPH)
|
Batting: RHB Kisho Ito
|
0-0: Ball 1-0: Foul Ball, location: 2F 1-1: Ball 2-1: Swinging Strike 2-2: Strikes out looking
|
Batting: RHB Akitada Nishizawa
|
0-0: Ball 1-0: Fly out, F8 (Line Drive, 8RD, EV 93.1 MPH)
|
Top of the 5th over - 0 runs, 0 hits, 0 errors, 0 left on base; Milwaukee 1 - San Francisco 0 |
BOTTOM OF THE 5TH |
San Francisco Giants batting - Pitching for Milwaukee Brewers : RHP Matt Evans
|
Pitching: RHP Kouchiro Yamaguchi
|
|
Batting: LHB Willis Robles
|
0-0: Ball 1-0: Called Strike 1-1: Foul Ball, location: 2F 1-2: Strikes out swinging
|
Batting: RHB Sean Zielinski
|
0-0: Swinging Strike 0-1: Ball 1-1: Ball 2-1: Foul Ball, location: 2F 2-2: Ball 3-2: Ground out 6-3 (Groundball, 6, EV 84.4 MPH)
|
Batting: RHB Jim Zucco
|
0-0: Swinging Strike 0-1: Swinging Strike 0-2: Foul Ball, location: 2F 0-2: Ball 1-2: Strikes out swinging
|
Bottom of the 5th over - 0 runs, 0 hits, 0 errors, 0 left on base; Milwaukee 1 - San Francisco 0 |
TOP OF THE 6TH |
Milwaukee Brewers batting - Pitching for San Francisco Giants : RHP Tim Rymut
|
Batting: SHB Jason Woods
|
0-0: Ball 1-0: Called Strike 1-1: Ball 2-1: Ball 3-1: Called Strike 3-2: Strikes out looking
|
Batting: LHB Cooper Broomhall
|
0-0: Ball 1-0: Ball 2-0: Ball 3-0: Base on Balls
|
Batting: LHB Jeremy Kuiper
|
0-0: Ball 1-0: Ball 2-0: Ball 3-0: Fly out, F7 (Line Drive, 7, EV 85.6 MPH)
|
Batting: RHB Cody Flowers
|
0-0: Called Strike 0-1: Called Strike 0-2: Ball 1-2: Ball 2-2: Foul Ball, location: 2F 2-2: Ball 3-2: SINGLE (Line Drive, 4MD, EV 98.1 MPH) Cooper Broomhall to second Cooper Broomhall to third
|
Pitching: LHP Travis Stichter
|
|
Batting: SHB Jean-François Bernard
|
0-0: Foul Ball, location: 2F 0-1: Ball 1-1: Ball 2-1: Ball 3-1: Called Strike 3-2: Foul Ball, location: 2F 3-2: SINGLE (Groundball, 4M, EV 100.0 MPH) (infield hit) Cooper Broomhall scores Cody Flowers to second
|
Batting: RHB Yuichi Matsuoka
|
0-0: Ball 1-0: SINGLE (Groundball, 6D, EV 107.5 MPH) Cody Flowers to third Jean-François Bernard to second Runner from 3rd tries for Home, SAFE, throw by CF to home
|
Batting: LHB Antonio Diaz
|
0-0: Ball 1-0: Ball 2-0: Ball 3-0: Called Strike 3-1: Fielders Choice at 2nd, 6-4 (Groundball, 6, EV 101.2 MPH)
|
Top of the 6th over - 2 runs, 3 hits, 0 errors, 2 left on base; Milwaukee 3 - San Francisco 0 |
BOTTOM OF THE 6TH |
San Francisco Giants batting - Pitching for Milwaukee Brewers : RHP Kouchiro Yamaguchi
|
Batting: RHB Quintin Parker
|
0-0: Ball 1-0: DOUBLE (Flyball, 8LXD, EV 101.9 MPH)
|
Batting: RHB Xavier Castellanos
|
0-0: Called Strike 0-1: Ball 1-1: Ball 2-1: Ball 3-1: Swinging Strike 3-2: Foul Ball, location: 2F 3-2: Strikes out looking
|
Batting: SHB Bill Dooms
|
0-0: Ball 1-0: Called Strike 1-1: Ball 2-1: Foul Ball, location: 2F 2-2: Foul Ball, location: 2F 2-2: Ball 3-2: Foul Ball, location: 2F 3-2: 2-RUN HOME RUN (Flyball, 9LD, EV 95.0 MPH), Distance : 346 ft
|
Batting: RHB Nick Rigden
|
0-0: SINGLE (Groundball, 5D, EV 108.1 MPH)
|
Batting: SHB Ryan Doss
|
0-0: Grounds into double play, 4-6-3 (Groundball, 4, EV 111.2 MPH)
|
Bottom of the 6th over - 2 runs, 3 hits, 0 errors, 0 left on base; Milwaukee 3 - San Francisco 2 |
TOP OF THE 7TH |
Milwaukee Brewers batting - Pitching for San Francisco Giants : LHP Travis Stichter
|
Pinch Hitting: RHB Noah Stanley
|
0-0: Called Strike 0-1: Ball 1-1: Ball 2-1: Foul Ball, location: 2F 2-2: Ball 3-2: Strikes out looking
|
Pinch Hitting: RHB Daniel Donovan
|
0-0: Fly out, F8 (Line Drive, 8LM, EV 97.5 MPH)
|
Pinch Hitting: SHB Pat Wilson
|
0-0: Called Strike 0-1: Ground out 6-3 (Groundball, 6MS, EV 83.8 MPH)
|
Top of the 7th over - 0 runs, 0 hits, 0 errors, 0 left on base; Milwaukee 3 - San Francisco 2 |
BOTTOM OF THE 7TH |
San Francisco Giants batting - Pitching for Milwaukee Brewers : RHP Kouchiro Yamaguchi
|
Pitching: LHP Jamie Blake
|
|
Now at SS: Noah Stanley
|
|
Now in CF: Pat Wilson
|
|
Now in RF: Daniel Donovan
|
|
Batting: LHB Jack Henningar
|
0-0: Ground out 1-3 (Groundball, 25, EV 71.2 MPH)
|
Batting: LHB Willis Robles
|
0-0: Ball 1-0: Foul Ball, location: 2F 1-1: Foul Ball, location: 2F 1-2: SINGLE (Groundball, 4S, EV 71.9 MPH) (infield hit)
|
Batting: RHB Sean Zielinski
|
0-0: Ball 1-0: Ball 2-0: Foul Ball, location: 2F 2-1: Called Strike 2-2: Ball 3-2: Strikes out swinging
|
Batting: RHB Jim Zucco
|
0-0: Called Strike Willis Robles steals 2nd base 0-1: Foul Ball, location: 2F 0-2: Ball 1-2: Ball 2-2: Ball 3-2: Foul Ball, location: 2F 3-2: Foul Ball, location: 2F 3-2: Base on Balls
|
Batting: RHB Quintin Parker
|
0-0: Called Strike 0-1: Ground out 4-3 (Groundball, 34, EV 80.0 MPH)
|
Bottom of the 7th over - 0 runs, 1 hit, 0 errors, 2 left on base; Milwaukee 3 - San Francisco 2 |
TOP OF THE 8TH |
Milwaukee Brewers batting - Pitching for San Francisco Giants : LHP Travis Stichter
|
Pitching: LHP Adam Ody
|
|
Pinch Hitting: LHB Tetsuya Oba
|
0-0: Ball 1-0: Ground out 4-3 (Groundball, 4S, EV 85.0 MPH)
|
Pinch Hitting: RHB Eric Sullivan
|
0-0: Ball 1-0: Called Strike 1-1: Swinging Strike 1-2: Ball 2-2: Strikes out swinging
|
Pinch Hitting: RHB Adrian Rudkilde
|
0-0: Foul Ball, location: 2F 0-1: Foul Ball, location: 2F 0-2: Strikes out looking
|
Top of the 8th over - 0 runs, 0 hits, 0 errors, 0 left on base; Milwaukee 3 - San Francisco 2 |
BOTTOM OF THE 8TH |
San Francisco Giants batting - Pitching for Milwaukee Brewers : LHP Jamie Blake
|
Pitching: LHP Vasquo Sartores
|
|
Now at 1B: Tetsuya Oba
|
|
Now at 2B: Adrian Rudkilde
|
|
Now in LF: Eric Sullivan
|
|
Batting: RHB Xavier Castellanos
|
0-0: Ball 1-0: Called Strike 1-1: Ball 2-1: SINGLE (Flyball, 7LS, EV 99.4 MPH)
|
Batting: SHB Bill Dooms
|
0-0: Ball 1-0: Sac Bunt to 23 - play at first, batter OUT! 3-4 Xavier Castellanos to second
|
Pinch Hitting: RHB Yutaka Oki
|
0-0: SINGLE (Line Drive, 7S, EV 108.1 MPH) Xavier Castellanos to third Runner from 3rd tries for Home, SAFE, throw by LF to home
|
Pinch Hitting: RHB Henri Cederberg
|
0-0: Ball 1-0: Ball 2-0: 2-RUN HOME RUN (Flyball, 9D, EV 98.8 MPH), Distance : 382 ft
|
Pitching: RHP Elliott Payne
|
|
Batting: RHB Jason Gress
|
0-0: Ball 1-0: Ball 2-0: Foul Ball, location: 2F 2-1: Ground out 6-3 (Groundball, 56D, EV 109.4 MPH)
|
Pinch Hitting: RHB Hugo Zacarias
|
0-0: Foul Ball, location: 2F 0-1: Called Strike 0-2: Ball 1-2: Ball 2-2: Strikes out looking
|
Bottom of the 8th over - 3 runs, 3 hits, 0 errors, 0 left on base; Milwaukee 3 - San Francisco 5 |
TOP OF THE 9TH |
Milwaukee Brewers batting - Pitching for San Francisco Giants : LHP Adam Ody
|
Pitching: RHP Borisz Barciniak
|
|
Now at 3B: Henri Cederberg
|
|
Now at SS: Jim Zucco
|
|
Now in LF: Hugo Zacarias
|
|
Now in CF: Yutaka Oki
|
|
Pinch Hitting: RHB Ben Campbell
|
0-0: Ball 1-0: Swinging Strike 1-1: Called Strike 1-2: Foul Ball, location: 2F 1-2: Ball 2-2: DOUBLE (Line Drive, 89M, EV 90.0 MPH)
|
Pinch Hitting: LHB Katsunan Akimoto
|
0-0: Foul Ball, location: 2F 0-1: Ball 1-1: Swinging Strike 1-2: Foul Ball, location: 2F 1-2: Foul Ball, location: 2F 1-2: Ball 2-2: Ground out 6-3 (Groundball, 4MD, EV 101.2 MPH) Ben Campbell to third
|
Batting: RHB Tim Lively
|
0-0: Ball 1-0: Ball 2-0: Ball 3-0: Called Strike 3-1: Foul Ball, location: 2F 3-2: Strikes out swinging
|
Pitching: RHP Andrew Kindig
|
|
Batting: RHB Noah Stanley
|
0-0: Ball 1-0: Called Strike 1-1: Ball 2-1: Ball 3-1: Called Strike 3-2: Fly out, F8 (Flyball, 78D, EV 93.8 MPH)
|
Top of the 9th over - 0 runs, 1 hit, 0 errors, 1 left on base; Milwaukee 3 - San Francisco 5 |
|